Map: Invader LE

Players

capac

  • Race: Terran Terran
  • League: Gold

Techari - Winner!

  • Race: Terran Terran
  • League: Gold

VOD

Have the link to the VOD?

Description

Time

  • Played on: April 4, 2016, 11:46 a.m.
  • Length: 12:01
Show
View Real Time Build Order
Export as new Build Order

capac Terran 

Build Orders: Reaper Expand, MMM Bio 

Get SALT Encoding   

  12  0:00  SCV  
  13  0:13  SCV  
  14  0:18  Supply Depot  
  14  0:26  SCV  
  15  0:39  SCV  
  15  0:42  Barracks  
  16  0:45  Refinery  
  16  0:51  SCV  
  17  1:03  SCV  
  18  1:15  SCV  
  19  1:30  Reaper  
  19  1:31  Orbital Command  
  20  1:43  Command Center  
  20  1:53  Supply Depot  
  20  1:58  SCV  
  21  2:03  Marine  
  22  2:12  Refinery, Factory  
  22  2:13  SCV  
  23  2:29  Barracks Reactor  
  23  2:32  SCV  
  24  2:44  SCV  
  25  2:54  Engineering Bay  
  25  2:56  SCV  
  25  2:57  Factory Tech Lab  
  26  2:59  Starport  
  26  3:00  SCV  
  27  3:06  Barracks  
  27  3:10  Marine x2  
  27  3:12  SCV  
  30  3:29  Marine  
  30  3:30  Marine  
  30  3:31  Missile Turret  
  32  3:39  Medivac  
  32  3:40  Bunker, Siege Tank  
  37  3:49  SCV x2  
  37  3:55  Supply Depot  
  39  3:56  Barracks Tech Lab  
  39  3:57  Marine x2  
  41  4:05  Orbital Command  
  41  4:13  Medivac  
  43  4:20  Marine x2  
  43  4:22  Stimpack  
  45  4:35  SCV x2  
  47  4:41  Marine x2  
  47  4:42  Supply Depot, Marine  
  47  4:45  Starport Reactor  
  50  4:47  Supply Depot  
  50  4:59  Marine x2, Missile Turret  
  50  5:00  Marine  
  53  5:17  Supply Depot, SCV x2  
  53  5:19  Siege Tank  
  55  5:33  Marine x3  
  54  5:43  Missile Turret  
  54  5:48  SCV x2  
  56  5:54  Siege Tank  
  56  5:55  Missile Turret  
  59  6:09  Marine x2, Missile Turret  
  59  6:10  Marine  
  62  6:14  Viking  
  61  6:42  Viking  
  62  6:55  Viking  
  64  7:02  Marine x3  
  67  7:12  Command Center  
  67  7:14  Medivac  
  67  7:15  Barracks  
  69  7:19  SCV x2  
  69  7:20  Refinery, Marine x3  
  69  7:21  Refinery  
  74  7:31  SCV x2  
  74  7:34  Combat Shields  
  76  7:38  Marine x2  
  76  7:42  Supply Depot  
  78  8:04  Marine x2, SCV x2, Medivac x2  
  86  8:23  Marine x3, Siege Tank  
  86  8:25  Supply Depot  
  92  8:29  SCV  
  92  8:30  SCV  
  92  8:31  Supply Depot  
  94  8:37  Liberator  
  94  8:41  Marine x3  
  97  8:51  Supply Depot  
  97  8:53  Liberator  
  100  8:55  Siege Tank  
  100  8:57  Supply Depot  
  100  8:59  Marine x3  
  106  9:12  SCV x2  
  111  9:21  Liberator  
  111  9:24  Orbital Command  
  111  9:36  Liberator  
  112  10:17  Liberator  
  112  10:19  Liberator  
  97  10:26  Marine x3  
  77  10:30  Barracks Reactor  
  77  10:33  Barracks  
  80  10:35  SCV x2  
  82  10:44  Marine x3  
  82  10:52  Starport  
  82  10:53  SCV x2  
  84  11:01  Marine  
  84  11:02  Marine x2  
  87  11:05  SCV  
  87  11:11  SCV  
  89  11:14  Marine x2  
  89  11:17  SCV  
Show
View Real Time Build Order
Export as new Build Order

Techari Terran - Winner!

Build Orders: 1/1/1, Liberator Opening, MMM Bio 

Get SALT Encoding   

  12  0:01  SCV  
  13  0:13  SCV  
  14  0:18  Supply Depot  
  14  0:25  SCV  
  15  0:31  Refinery  
  15  0:40  SCV  
  16  0:46  Barracks  
  16  0:52  SCV  
  17  0:59  Supply Depot  
  17  1:15  SCV  
  18  1:21  Refinery  
  18  1:28  SCV  
  19  1:33  Marine  
  19  1:39  Factory  
  20  1:48  Orbital Command  
  20  1:53  Marine  
  21  2:11  Marine  
  21  2:13  Engineering Bay  
  22  2:15  SCV  
  23  2:27  Starport  
  23  2:31  Factory Tech Lab  
  23  2:50  Siege Tank  
  23  2:51  Marine  
  26  2:52  Liberator  
  26  2:57  Bunker  
  26  2:59  SCV  
  27  3:08  Marine  
  31  3:36  Barracks  
  31  3:37  Supply Depot  
  31  3:46  Barracks  
  31  3:58  SCV, Medivac  
  31  4:01  Supply Depot  
  31  4:02  Missile Turret  
  34  4:14  Barracks Tech Lab  
  34  4:18  Siege Tank  
  37  4:26  SCV  
  37  4:27  Terran Infantry Weapons Level 1  
  38  4:34  Stimpack  
  38  4:37  Missile Turret  
  38  4:40  SCV  
  38  4:41  Barracks Reactor  
  38  4:42  Missile Turret  
  38  4:45  Marine  
  40  4:53  Marine  
  41  5:02  Marine  
  41  5:03  Viking  
  44  5:10  Marine  
  45  5:20  Marine  
  46  5:24  Marine  
  47  5:43  Supply Depot  
  47  5:45  Supply Depot  
  47  5:53  Starport Reactor  
  47  6:04  Marine x4, Siege Tank, SCV  
  47  6:08  Supply Depot  
  55  6:22  Marauder, Marine x3  
  60  6:39  Marine x3  
  60  6:43  Marine  
  64  6:57  Marine x3  
  64  7:01  Marine  
  67  7:02  Medivac  
  67  7:08  Supply Depot, Medivac  
  72  7:12  Supply Depot  
  72  7:15  Marine x2  
  74  7:25  Marine  
  74  7:29  Combat Shields  
  75  7:30  Marine  
  75  7:32  Viking  
  75  7:35  Supply Depot  
  78  7:38  Viking  
  80  7:53  Sensor Tower  
  80  7:57  Marine x4  
  84  8:02  Viking  
  86  8:14  Viking  
  86  8:15  Marine  
  89  8:32  Medivac  
  91  8:44  Medivac  
  93  9:02  Medivac  
  95  9:14  Medivac  
  97  9:56  Marine x4  
  101  10:14  Marine x3  
  85  11:31  Marine  
  85  11:32  Marine x3  
Tags
 
Add a new tag
Caveats
  • Supply blocks, unpowered buildings, or Contaminate may cause inaccurate times.
  • Supply counts are checked every 10 seconds.